 Dungeon Crawl Stone Soup version 0.28-a0-476-g0f06bd746f (webtiles) character file.

Game seed: 16816072895268845262

79 siradein the Grave Robber (level 4, -6/36 HPs)
             Began as a Deep Dwarf Necromancer on Sept 16, 2021.
             Mangled by a gnoll (14 damage)
             ... on level 2 of the Dungeon.
             The game lasted 00:06:54 (2492 turns).

siradein the Grave Robber (Deep Dwarf Necromancer)  Turns: 2492, Time: 00:06:55

Health: -6/36      AC:  2    Str: 11    XL:     4   Next: 17%
Magic:  1/8        EV: 12    Int: 17    God:
Gold:   118        SH:  0    Dex: 13    Spells: 4/8 levels left

rFire   . . .      SeeInvis .   (no weapon)
rCold   . . .      Faith    .   (no shield)
rNeg    . . .      Spirit   .   a - +0 robe
rPois   .          Reflect  .   (no helmet)
rElec   .          Harm     .   (no cloak)
rCorr   .          Rampage  .   (no gloves)
Will    .....                   (no boots)
Stlth   ++........              (no amulet)
HPRegen 0.00/turn               (no ring)
MPRegen 0.11/turn               (no ring)

@: no status effects
A: damage resistance, heal wounds, sense surroundings 1, no regeneration
a: Heal Wounds


You were on level 2 of the Dungeon.
You visited 1 branch of the dungeon, and saw 2 of its levels.

You collected 118 gold pieces.

Inventory:

Armour
 a - a +0 robe (worn)
Scrolls
 e - a scroll of vulnerability {unknown}
 f - a scroll of enchant weapon {unknown}
 g - a scroll of magic mapping {unknown}
 h - 3 scrolls of identify {unknown}
 i - a scroll of teleportation {unknown}
Potions
 b - a potion of curing {unknown}
 c - 2 potions of flight {unknown}
 d - a potion of mutation {unknown}


   Skills:
 - Level 2.1 Dodging
 - Level 2.4 Stealth
 + Level 2.9 Spellcasting
 + Level 5.4 Necromancy


You had 4 spell levels left.
You knew the following spells:

 Your Spells              Type           Power      Damage    Failure   Level
a - Pain                  Necr           84%        1d8       1%          1
b - Vampiric Draining     Necr           10%        2d7       5%          3

Your spell library contained the following spells:

 Spells                   Type           Power      Damage    Failure   Level
 Animate Skeleton         Necr           42%        N/A       1%          1
 Beastly Appendage        Tmut           4%         N/A       19%         1
 Animate Dead             Necr           10%        N/A       19%         4
 Wereblood                Tmut           2%         N/A       26%         2
 Spider Form              Tmut/Pois      1%         N/A       47%         3
 Agony                    Necr           21%        N/A       45%         5


Dungeon Overview and Level Annotations

Branches:
Dungeon (2/15)

Altars:


Innate Abilities, Weirdness & Mutations

You are resistant to damage.
You can heal yourself by infusing magical energy.
You passively map a small area around you.
You do not regenerate.


Message History

Aim: a gnoll, wielding a +0 flail (chance to affect: 85%)
The gnoll writhes in agony!
A goblin comes into view. It is wielding a +0 dagger.
Aiming: Pain (safe; 1% risk of failure)
Press: ? - help, Q - select action, (/) - cycle Shift-Dir - straight line, f/p - gnoll
Aim: a gnoll, wielding a +0 flail (severely wounded, chance to affect: 85%)
The gnoll writhes in agony.
Aiming: Pain (safe; 1% risk of failure)
Press: ? - help, Q - select action, (/) - cycle Shift-Dir - straight line, f/p - gnoll
Aim: a gnoll, wielding a +0 flail (severely wounded, chance to affect: 85%)
The gnoll writhes in agony.
You kill the gnoll!
Unknown command.
Aiming: Pain (safe; 1% risk of failure)
Press: ? - help, Q - select action, (/) - cycle Shift-Dir - straight line, f - gnoll
Aim: a gnoll, wielding a +0 halberd (chance to affect: 86%)
The gnoll writhes in agony.
Unknown command.
Aiming: Pain (safe; 1% risk of failure)
Press: ? - help, Q - select action, (/) - cycle Shift-Dir - straight line, f/p - gnoll
Aim: a gnoll, wielding a +0 halberd (lightly wounded, chance to affect: 86%)
The gnoll barely resists.
Aiming: Pain (safe; 1% risk of failure)
Press: ? - help, Q - select action, (/) - cycle Shift-Dir - straight line, f/p - gnoll
Aim: a gnoll, wielding a +0 halberd (lightly wounded, chance to affect: 86%)
The gnoll writhes in agony.
The gnoll hits you but does no damage.
Unknown command.
The gnoll barely misses you.
You see here 25 arrows.
The gnoll hits you with a +0 halberd!
* * * LOW HITPOINT WARNING * * *
Casting: Pain (safe; 1% risk of failure)
Confirm with . or Enter, or press ? or * to list all spells.
Aiming: Vampiric Draining (dangerous; 5% risk of failure)
Press: ? - help, Shift-Dir - straight line, f/p - gnoll
Aim: a gnoll, wielding a +0 halberd (heavily wounded)
You draw life force from the gnoll.
You feel life coursing into your body. The gnoll hits you with a +0 halberd!
You die...

#†##...#####g##...##
#.........g..# #.##*
####...####### .. ,
##.## ####### #.#
#...... #g#
###.#####
#g########.....#
###g##.......###.###
#..@##.#####.# #....
#..(##.# #.###.###
#...##.# #.....###
##..##.#######.#....
#..........##.#.###
#.###.####.##.#.#
#.# #.# # *#.#.##
#.# #.# #.##....##
#.# #.# #.........


You could see 2 gnolls and a goblin.

Vanquished Creatures
  2 gnolls (D:2)
  An adder (D:2)
  5 dart slugs
  4 endoplasms (D:1)
  3 giant cockroaches (D:2)
  2 goblins
  5 hobgoblins (D:1)
  2 quokkas (D:2)
  4 ball pythons
  3 bats (D:1)
  4 frilled lizards
  4 kobolds (D:2)
  3 rats
42 creatures vanquished.

Notes
Turn   | Place    | Note
-------+----------+-------------------------------------------
     0 | D:1      | siradein the Deep Dwarf Necromancer began the quest for the
                  | Orb.
     0 | D:1      | Reached XP level 1. HP: 15/15 MP: 3/3
   310 | D:1      | Reached XP level 2. HP: 8/22 MP: 0/5
   957 | D:1      | Reached skill level 5 in Necromancy
   957 | D:1      | Reached XP level 3. HP: 3/28 MP: 4/6
   961 | D:1      | Learned a level 3 spell: Vampiric Draining
  2102 | D:2      | Found a faded altar of an unknown god.
  2319 | D:2      | Reached XP level 4. HP: 14/36 MP: 4/8
  2492 | D:2      | Mangled by a gnoll

Illustrated notes

Levels and vault maps discovered:
D:1:      dpeg_arrival_three_bigger_balls, layout_basic, minmay_pentomino_x4
D:2:      layout_loops_ring, dreamdust_ecumenical_altar_statues

Skill      XL: |  1  2 |
---------------+-------+-----
Spellcasting   | 2 |  2.9
Necromancy     | 5 |  5.4
Dodging        | |  2.1
Stealth        | |  2.4

Action                   |  1- 3 |  4- 6 || total
-------------------------+-------+-------++-------
Melee: Unarmed           |     6 |       ||     6
 Cast: Pain              |    58 |     6 ||    64
       Vampiric Draining |    17 |     3 ||    20
Armor: Robe              |     6 |     1 ||     7
Dodge: Dodged            |    20 |     2 ||    22

Table legend: (Time is in decaauts)
 A = Elapsed time spent in this place.
 B = Non-inter-level travel time spent in this place.
 C = Inter-level travel time spent in this place.
 D = Time resting spent in this place.
 E = Time spent auto-exploring this place.
 F = Levels seen in this place.
 G = Mean time per level.
                   A        B        C        D        E       F      G
               +--------+--------+--------+--------+--------+-----+--------+
         Total |   2492 |   2483 |      9 |    135 |   1868 |   2 | 1246.0 |
       Dungeon |   2492 |   2483 |      9 |    135 |   1868 |   2 | 1246.0 |
               +--------+--------+--------+--------+--------+-----+--------+

Top non-repeatable levels by time:
     D:1: 1433 daAuts
     D:2: 1059 daAuts
